 Dungeon Crawl Stone Soup version 0.28.0-53-g5a82cb258f (webtiles) character file.

Game seed: 18168428077526392239

12482 Rizdon the Grappler (level 11, -1/115 HPs)
             Began as a Troll Monk on June 25, 2022.
             Was a High Priest of Wu Jian.
             Slain by a 12-headed hydra (3 damage)
             ... on level 2 of the Lair of Beasts.
             The game lasted 01:28:14 (7735 turns).

Rizdon the Grappler (Troll Monk)                    Turns: 7735, Time: 01:28:16

Health: -1/115     AC: 12    Str: 24    XL:     11   Next: 63%
Magic:  10/10      EV: 13    Int:  6    God:    Wu Jian [*****.]
Gold:   503        SH:  0    Dex: 16    Spells: 10/10 levels left

rFire   + . .      SeeInvis .     - Unarmed
rCold   x . .      Faith    .   (no shield)
rNeg    . . .      Spirit   .   M - +2 swamp dragon scales
rPois   +          Reflect  .   A - +0 hat "Odwovymu" {rCorr Str+3 Stlth+}
rElec   .          Harm     .   z - +0 cloak
rCorr   +          Rampage  .   (gloves unavailable)
Will    .....                   (boots unavailable)
Stlth   ++........              G - amulet of magic regeneration
HPRegen 1.09/turn               n - ring of resist corrosion
MPRegen 0.52/turn               B - ring of fire

@: about to teleport
A: large, unfitting armour, claws 3, regeneration 1, shaggy fur 1, tough skin 1,
mutation resistance 1, subdued magic 1
a: Renounce Religion, Wall Jump, Serpent's Lash, Heavenly Storm


You were on level 2 of the Lair of Beasts.
You worshipped Wu Jian.
Wu Jian was extremely pleased with you.
You visited 2 branches of the dungeon, and saw 11 of its levels.
You also visited: Sewer.

You collected 503 gold pieces.

Inventory:

Hand Weapons
 k - a +0 hunting sling of freezing
 l - a +3 dagger of venom
 y - a +3 quarterstaff of chaos
 D - a +6 spectral quarterstaff
 H - a +2 dagger of speed
Missiles
 e - 176 sling bullets
 o - 222 stones (quivered)
 p - 2 silver boomerangs
 u - a throwing net
 w - 18 poisoned darts
 F - 12 atropa-tipped darts
 J - a curare-tipped dart
Armour
 a - a +2 robe
 c - an orb of guile
 t - an orb of guile
 z - a +0 cloak (worn)
 A - the +0 hat "Odwovymu" (worn) {rCorr Str+3 Stlth+}
   (You found it on level 9 of the Dungeon)

   Str:       It affects your strength (+3).
   rCorr:     It protects you from acid and corrosion.
   Stlth:     It makes you more stealthy.
 M - +2 swamp dragon scales (worn)
Jewellery
 h - a +6 ring of intelligence
 n - a ring of resist corrosion (left claw)
 r - a ring of poison resistance
 B - a ring of fire (right claw)
 G - an amulet of magic regeneration (around neck)
 I - a ring of resist corrosion
Wands
 i - a wand of polymorph (8)
 j - a wand of iceblast (7)
Scrolls
 d - a scroll of immolation
 f - 4 scrolls of blinking
 g - 3 scrolls of torment
 m - a scroll of amnesia
 s - 3 scrolls of brand weapon
 v - 7 scrolls of identify
 x - a scroll of fog
 C - a scroll of enchant weapon
 E - a scroll of silence {unknown}
Potions
 q - 3 potions of haste
 K - a potion of curing
 L - a potion of cancellation {unknown}
 N - 10 potions of ambrosia


   Skills:
 + Level 9.5 Fighting
 + Level 9.5 Dodging
 - Level 1.0 Stealth
 + Level 11.4 Unarmed Combat


You had 10 spell levels left.
You didn't know any spells.
Your spell library contained the following spells:

 Spells                   Type           Power      Damage    Failure   Level
 Beastly Appendage        Tmut           0%         N/A       56%         1
 Pain                     Necr           0%         1d4       56%         1
 Shock                    Conj/Air       0%         1d3       56%         1
 Sting                    Tmut/Pois      0%         1d3       56%         1
 Wereblood                Tmut           0%         N/A       71%         2
 Gell's Gravitas          Tloc           0%         N/A       91%         3
 Spider Form              Tmut/Pois      0%         N/A       91%         3
 Swiftness                Air            0%         N/A       91%         3
 Teleport Other           Tloc           0%         N/A       91%         3
 Airstrike                Air            0%         N/A       100%        4
 Agony                    Necr           0%         N/A       100%        5
 Excruciating Wounds      Necr           0%         N/A       100%        5
 Freezing Cloud           Conj/Ice/Air   0%         6-21      100%        5
 Dispersal                Tloc           0%         N/A       100%        6
 Simulacrum               Ice/Necr       0%         N/A       100%        6
 Polar Vortex             Ice            0%         N/A       100%        9


Dungeon Overview and Level Annotations

Branches:
Dungeon (9/15)             Temple (0/1) D:5            Lair (2/6) D:9
  Sewer (visited)
  Swamp: Lair:2-4    Shoals: Lair:2-4     Snake: Lair:2-4    Spider: Lair:2-4
    Orc: D:9-12

Altars:
Cheibriados
Dithmenos
Fedhas
Gozag
Hepliaklqana
Kikubaaqudgha
Ru
Sif Muna
Uskayaw
Vehumet
Wu Jian
Xom
The Shining One

Shops:
D:2 [


Innate Abilities, Weirdness & Mutations

You are too large for most types of armour.
You have claws for hands.
Your natural rate of healing is unusually fast.
You are covered in fur. (AC +1)
You have tough skin. (AC +1)
You are somewhat resistant to further mutation.
Your spells are a little easier to cast, but a little less powerful.


Message History

The ten-headed hydra misses you. The ten-headed hydra bites you!
The ten-headed hydra bites you but does no damage. x2
The ten-headed hydra closely misses you.
The ten-headed hydra bites you.
The ten-headed hydra bites you but does no damage.
The ten-headed hydra bites you.
You tear one of the ten-headed hydra's heads off!
The nine-headed hydra grows two more!
You mangle the 11-headed hydra!!
The 11-headed hydra is almost dead.
The 11-headed hydra bites you but does no damage.
The 11-headed hydra bites you! The 11-headed hydra bites you.
The 11-headed hydra bites you!
* * * LOW HITPOINT WARNING * * *
The 11-headed hydra bites you.
* * * LOW HITPOINT WARNING * * *
The 11-headed hydra bites you but does no damage. x2
The 11-headed hydra completely misses you.
The 11-headed hydra misses you.
The 11-headed hydra barely misses you. x2
As you read the scroll of teleportation, it crumbles to dust.
You feel strangely unstable.
The 11-headed hydra bites you but does no damage.
The 11-headed hydra bites you!
* * * LOW HITPOINT WARNING * * *
The 11-headed hydra bites you but does no damage.
The 11-headed hydra bites you.
* * * LOW HITPOINT WARNING * * *
The 11-headed hydra barely misses you. x2
The 11-headed hydra bites you but does no damage.
The 11-headed hydra closely misses you. The 11-headed hydra barely misses you.
The 11-headed hydra bites you.
* * * LOW HITPOINT WARNING * * *
The 11-headed hydra bites you but does no damage.
You tear one of the 11-headed hydra's heads off!
The ten-headed hydra grows two more!
You mangle the 12-headed hydra!!
The 12-headed hydra is almost dead.
The 12-headed hydra bites you!
* * * LOW HITPOINT WARNING * * *
The 12-headed hydra bites you but does no damage.
The 12-headed hydra bites you.
You die...

........ ........ #....#
#....# ######....#
###### #
##...#....###.#..##P##.#
........................
................@D......
........................
........................
################P.######
###.# ##


You could see a 12-headed hydra.

Vanquished Creatures
  A centaur warrior (D:8)
  Joseph (D:7)
  Maggie (Lair:1)
  A rime drake (Lair:1)
  A troll (D:9)
  7 polar bears (Lair:1)
  A queen bee (Lair:2)
  3 blink frogs (Lair:1)
  7 dream sheep (Lair:1)
  Sigmund (D:4)
  8 yaks
  2 vampires (D:9)
  A wyvern (D:9)
  2 steam dragons (D:7)
  Grum (D:8)
  An orc warrior (D:7)
  4 water moccasins (Lair:1)
  2 ice beasts (D:6)
  A sky beast (D:6)
  6 black bears
  3 wolves (D:8)
  5 centaurs
  4 kobold brigands
  4 bullfrogs
  A gnoll sergeant (D:7)
  A scorpion (D:5)
  3 wyvern skeletons
  A wyvern zombie (D:8)
  31 killer bees
  2 bullfrog zombies (D:7)
  A gnoll shaman (D:6)
  An iron imp (D:8)
  A centaur skeleton (D:7)
  4 orc priests
  3 hounds
  2 jellies (D:7)
  Crazy Yiuf (D:7)
  4 iguanas
  5 orc wizards
  A killer bee zombie (D:4)
  Robin (D:2)
  10 gnolls
  8 adders
  A howler monkey zombie (D:9)
  A river rat (Sewer)
  A shadow imp (D:5)
  A white imp (D:6)
  An ufetubus (D:4)
  An adder skeleton (D:4)
  4 worms
  3 dart slugs
  20 orcs
  6 endoplasms
  6 giant cockroaches
  9 hobgoblins
  2 quokkas
  5 ball pythons
  A bat (D:1)
  4 frilled lizards
  11 goblins
  13 kobolds
  9 rats
248 creatures vanquished.

Vanquished Creatures (others)
  8 fungi
  14 plants (Lair:1)
22 creatures vanquished.

Grand Total: 270 creatures vanquished

Notes
Turn   | Place    | Note
-------+----------+-------------------------------------------
     0 | D:1      | Rizdon the Troll Monk began the quest for the Orb.
     0 | D:1      | Reached XP level 1. HP: 22/22 MP: 0/0
   215 | D:1      | Reached XP level 2. HP: 23/29 MP: 1/1
   288 | D:1      | Found a faded altar of an unknown god.
   592 | D:2      | Reached XP level 3. HP: 21/36 MP: 2/2
   656 | D:2      | Found Nifih's Antique Armour Emporium.
   800 | D:2      | Noticed Robin
   815 | D:2      | Killed Robin
   834 | D:2      | Reached XP level 4. HP: 41/45 MP: 3/3
   886 | D:2      | Found a shimmering altar of Xom.
  1171 | D:3      | Found an ancient bone altar of Kikubaaqudgha.
  1201 | D:3      | Found an opulent altar of Gozag.
  1267 | D:3      | Reached skill level 4 in Unarmed Combat
  1380 | D:3      | Found a sacrificial altar of Ru.
  1400 | D:3      | Found an ornate altar of the Wu Jian Council.
  1410 | D:3      | Became a worshipper of the Wu Jian Council
  1410 | D:3      | Reached * piety under Wu Jian
  1410 | D:3      | Reached ** piety under Wu Jian
  1941 | D:4      | Noticed Sigmund
  2008 | D:4      | Reached XP level 5. HP: 53/53 MP: 4/4
  2054 | D:4      | HP: 1/53 [Sigmund/+0 scythe (6)]
  2055 | D:4      | Killed Sigmund
  2056 | D:4      | Reached XP level 6. HP: 2/62 MP: 5/5
  2252 | D:4      | Found a glowing golden altar of the Shining One.
  2274 | D:4      | Found a glowing drain.
  2398 | D:4      | Found a hazy altar of Hepliaklqana.
  2489 | Sewer    | Entered a sewer
  2525 | Sewer    | Reached skill level 5 in Unarmed Combat
  2734 | Sewer    | Reached *** piety under Wu Jian
  2741 | Sewer    | Reached XP level 7. HP: 51/70 MP: 6/6
  2799 | D:4      | You fall into a shaft and drop 1 floor!
  2799 | D:5      | Entered Level 5 of the Dungeon
  2991 | D:5      | Gained mutation: Your spells are a little easier to cast,
                  | but a little less powerful. [potion of mutation]
  2991 | D:5      | Gained mutation: You are somewhat resistant to further
                  | mutation. [potion of mutation]
  3054 | D:5      | Found a staircase to the Ecumenical Temple.
  3184 | D:5      | Reached skill level 6 in Unarmed Combat
  3334 | D:6      | Reached skill level 5 in Fighting
  3334 | D:6      | Reached skill level 5 in Dodging
  3334 | D:6      | Reached XP level 8. HP: 66/80 MP: 7/7
  3717 | D:6      | Reached skill level 7 in Unarmed Combat
  3872 | D:6      | You fall into a shaft and drop 1 floor!
  3891 | D:7      | Found a blossoming altar of Fedhas.
  3961 | D:7      | Reached **** piety under Wu Jian
  4000 | D:7      | Found a runed translucent door.
  4001 | D:7      | Noticed Crazy Yiuf
  4014 | D:7      | Killed Crazy Yiuf
  4187 | D:7      | Reached XP level 9. HP: 88/89 MP: 8/8
  4215 | D:7      | Noticed Joseph
  4337 | D:7      | Killed Joseph
  4338 | D:7      | Reached skill level 8 in Unarmed Combat
  4533 | D:7      | Found a shimmering blue altar of Sif Muna.
  4708 | D:7      | Got Sif Muna's Papyrus of Transmutation
  4712 | D:8      | Found a snail-covered altar of Cheibriados.
  4713 | D:8      | Noticed Grum
  4726 | D:8      | Killed Grum
  5102 | D:8      | Found a hide-covered altar of Uskayaw.
  5147 | D:8      | Noticed a centaur warrior
  5158 | D:8      | Killed a centaur warrior
  5159 | D:8      | Reached skill level 9 in Unarmed Combat
  5159 | D:8      | Reached XP level 10. HP: 75/102 MP: 9/9
  5450 | D:8      | Found a radiant altar of Vehumet.
  5450 | D:8      | Found a shimmering altar of Xom.
  5585 | D:8      | Found a shadowy altar of Dithmenos.
  5912 | D:9      | Identified the +0 hat "Odwovymu" {rCorr Str+3 Stlth+}
  6228 | D:9      | HP: 5/104 [poisoned by a killer bee]
  6231 | D:9      | HP: 2/104 [poisoned by a killer bee]
  6644 | D:9      | Found a staircase to the Lair.
  6650 | Lair:1   | Entered Level 1 of the Lair of Beasts
  6686 | Lair:1   | Noticed Maggie
  6764 | Lair:1   | Killed Maggie
  6768 | Lair:1   | Reached skill level 10 in Unarmed Combat
  7085 | Lair:1   | Reached XP level 11. HP: 106/113 MP: 10/10
  7096 | Lair:1   | Reached ***** piety under Wu Jian
  7212 | Lair:1   | Reached skill level 11 in Unarmed Combat
  7727 | Lair:2   | Noticed a seven-headed hydra
  7735 | Lair:2   | HP: 2/115 [12-headed hydra (9)]
  7735 | Lair:2   | Slain by a 12-headed hydra

Illustrated notes

Levels and vault maps discovered:
D:1:      dpeg_arrival_water_altar, layout_loops_ring,
          ebering_ecumenical_altar_ruins, minivault_19
D:2:      layout_rooms, basic_altar, serial_shops, shop, uniq_robin
D:3:      layout_basic, grunt_gozag_statues,
          mainiacjoe_overflow_large_starburst, mainiacjoe_overflow_alcove_2
D:4:      layout_cave_pools, nzn_hepliaklqana_mist_gate,
          mainiacjoe_overflow_six_doors_small, cheibrodos_sewer_entry_drain,
          uniq_sigmund
D:5:      layout_rooms, temple_pool_b
D:6:      layout_loops_ring
D:7:      layout_loops_ring, led_sif_book, mainiacjoe_overflow_surrounded_room,
          uniq_crazy_yiuf_cottage, uniq_joseph
D:8:      layout_gridville, slow_altar_1,
          nicolae_uskayaw_murder_on_the_dancefloor,
          nicolae_dithmenos_shadow_blocks, mainiacjoe_overflow_divided_tiny,
          uniq_grum
D:9:      layout_loops_ring, lair_entry_dummy, bh_walls_and_bars
Lair:1:   beast_lair_carwin_large_4, layout_misc_corridors,
          chequers_serial_rivers_micro_a, uniq_maggie
Lair:2:   layout_long_grid, hellmonk_spider_entry_life_and_decay, special_room
          [special_room_bee], amcnicky_mini_pool_medium

Skill      XL: |  1  2  3  4  5  6  7  8  9 10 11 |
---------------+----------------------------------+-----
Fighting       | 3 4 5 6 7 8 9 |  9.5
Dodging        | 3 4 5 6 7 8 9 |  9.5
Unarmed Combat | 4 5 6 7 9 10 11 | 11.4
Stealth        | |  1.0

Action                   |  1- 3 |  4- 6 |  7- 9 | 10-12 || total
-------------------------+-------+-------+-------+-------++-------
Melee: Unarmed           |    80 |   140 |   289 |   288 ||   797
       Punch             |     2 |     1 |    10 |    25 ||    38
Invok: Whirlwind         |       |    13 |    44 |    51 ||   108
       Lunge             |       |    12 |    29 |    13 ||    54
  Use: Scroll            |       |       |    15 |     7 ||    22
       Potion            |       |       |     7 |     5 ||    12
 Stab: Sleeping          |       |     3 |     1 |     2 ||     6
       Invisible         |       |       |     7 |       ||     7
       Distracted        |       |       |     1 |     1 ||     2
Armor: Robe              |    22 |    18 |    27 |       ||    67
       Steam dragon scal |       |       |    38 |    93 ||   131
       Swamp dragon scal |       |       |       |    71 ||    71
Dodge: Dodged            |    33 |    51 |   150 |   270 ||   504
